| TOP OF THE 1ST |
|
Auburn Doubledays batting - Pitching for West Virginia Black Bears : LHP Grady Hebert
|
|
Pitching: LHP Grady Hebert
|
|
|
Batting: RHB Leo Gutierrez
|
0-0: Ball 1-0: Called Strike 1-1: Called Strike 1-2: Strikes out looking
|
|
Batting: RHB Steve Bauman
|
0-0: Ball 1-0: Foul Ball, location: 2F 1-1: Ball 2-1: Swinging Strike 2-2: Foul Ball, location: 2F 2-2: Ground out 5-3 (Groundball, 5S, EV 91.9 MPH)
|
|
Batting: RHB Nick Moreno
|
0-0: Ball 1-0: Swinging Strike 1-1: Fly out, F9 (Flyball, 9S, EV 87.5 MPH)
|
| Top of the 1st over - 0 runs, 0 hits, 0 errors, 0 left on base; Auburn 0 - West Virginia 0 |
| BOTTOM OF THE 1ST |
|
West Virginia Black Bears batting - Pitching for Auburn Doubledays : RHP Matt Seivert
|
|
Pitching: RHP Matt Seivert
|
|
|
Batting: RHB Dave Fredericks
|
0-0: SINGLE (Groundball, 56D, EV 93.8 MPH)
|
|
Batting: LHB Norm Silveira-Wray
|
0-0: Ball 1-0: Called Strike 1-1: Foul Ball, location: 2F 1-2: SINGLE (Groundball, 13S, EV 62.5 MPH) (infield hit) Dave Fredericks to second
|
|
Batting: RHB Brandon White
|
0-0: Ball 1-0: Ball 2-0: SINGLE (Groundball, 6MD, EV 100.6 MPH) Dave Fredericks to third Norm Silveira-Wray to second Runner from 3rd tries for Home, SAFE, throw by CF to home
|
|
Batting: RHB Alain Marquet
|
0-0: Ball 1-0: Called Strike 1-1: Ball 2-1: Called Strike 2-2: Ball 3-2: Foul Ball, location: 2F 3-2: Foul Ball, location: 2F 3-2: Base on Balls Norm Silveira-Wray to third Brandon White to second
|
|
Batting: RHB Tim Moore
|
0-0: Ball 1-0: Foul Ball, location: 2F 1-1: Ball 2-1: Ball 3-1: Foul Ball, location: 2F 3-2: Foul Ball, location: 2F 3-2: SINGLE (Groundball, 56D, EV 103.1 MPH) Norm Silveira-Wray scores Brandon White to third Alain Marquet to second
|
|
Batting: RHB Chris Beckham
|
0-0: Called Strike 0-1: Ball 1-1: Foul Ball, location: 2F 1-2: Foul Ball, location: 2F 1-2: Foul Ball, location: 2F 1-2: Fly out, F5 (Line Drive, 56, EV 71.9 MPH) Lined into DP, 5-4 (Line Drive, 56, EV 68.1 MPH)
|
|
Batting: RHB Terrence Wilson
|
0-0: Ground out 2-3 (Groundball, 2R, EV 69.4 MPH)
|
| Bottom of the 1st over - 2 runs, 4 hits, 0 errors, 2 left on base; Auburn 0 - West Virginia 2 |
| TOP OF THE 2ND |
|
Auburn Doubledays batting - Pitching for West Virginia Black Bears : LHP Grady Hebert
|
|
Batting: RHB Antonio Vallez
|
0-0: Ball 1-0: Called Strike 1-1: Ball 2-1: Foul Ball, location: 2F 2-2: Strikes out swinging
|
|
Batting: RHB Jelexiz Cuenca
|
0-0: Swinging Strike 0-1: Swinging Strike 0-2: Foul Ball, location: 2F 0-2: Ball 1-2: Foul Ball, location: 2F 1-2: Foul Ball, location: 2F 1-2: Ball 2-2: Strikes out looking
|
|
Batting: RHB Scott Skoglund
|
0-0: Ball 1-0: Ground out 6-3 (Groundball, 6M, EV 86.2 MPH)
|
| Top of the 2nd over - 0 runs, 0 hits, 0 errors, 0 left on base; Auburn 0 - West Virginia 2 |
| BOTTOM OF THE 2ND |
|
West Virginia Black Bears batting - Pitching for Auburn Doubledays : RHP Matt Seivert
|
|
Batting: RHB John DeVillier
|
0-0: Ball 1-0: Foul Ball, location: 2F 1-1: Called Strike 1-2: Ball 2-2: Foul Ball, location: 2F 2-2: Foul Ball, location: 2F 2-2: Ball 3-2: Strikes out looking
|
|
Batting: RHB Bob Raine
|
0-0: Hit by Pitch
|
|
Batting: RHB Dave Fredericks
|
0-0: Ball 1-0: Ball 2-0: Foul Ball, location: 2F 2-1: SINGLE (Groundball, P, EV 93.1 MPH) (infield hit) Bob Raine to second
|
|
Batting: LHB Norm Silveira-Wray
|
0-0: Ball 1-0: Called Strike 1-1: Foul Ball, location: 2F 1-2: Fielders Choice at 2nd, 6-4 (Groundball, 6, EV 81.9 MPH) Bob Raine to third
|
|
Batting: RHB Brandon White
|
0-0: Called Strike 0-1: Fly out, F7 (Flyball, 7LS, EV 96.9 MPH)
|
| Bottom of the 2nd over - 0 runs, 1 hit, 0 errors, 2 left on base; Auburn 0 - West Virginia 2 |
| TOP OF THE 3RD |
|
Auburn Doubledays batting - Pitching for West Virginia Black Bears : LHP Grady Hebert
|
|
Batting: RHB John Gibbs
|
0-0: Swinging Strike 0-1: Ball 1-1: Ball 2-1: Called Strike 2-2: Ground out 5-3 (Groundball, 56S, EV 75.6 MPH)
|
|
Batting: LHB Bobby Adams
|
0-0: Called Strike 0-1: Foul Ball, location: 2F 0-2: Ball 1-2: Ball 2-2: Strikes out swinging
|
|
Batting: RHB Jessie Fisher
|
0-0: Ball 1-0: Ball 2-0: Ball 3-0: Base on Balls
|
|
Batting: RHB Leo Gutierrez
|
0-0: Called Strike 0-1: Ball 1-1: Foul Ball, location: 2F 1-2: Ball 2-2: Ball 3-2: Foul Ball, location: 2F 3-2: SINGLE (Groundball, 34D, EV 94.4 MPH) Jessie Fisher to second Jessie Fisher to third
|
|
Batting: RHB Steve Bauman
|
0-0: Ball 1-0: Ball 2-0: Foul Ball, location: 2F 2-1: Ball 3-1: Swinging Strike 3-2: DOUBLE (Line Drive, 89M, EV 100.0 MPH) Jessie Fisher scores Leo Gutierrez to third Leo Gutierrez scores
|
|
Batting: RHB Nick Moreno
|
0-0: Ball 1-0: Fly out, F7 (Line Drive, 7, EV 102.5 MPH)
|
| Top of the 3rd over - 2 runs, 2 hits, 0 errors, 1 left on base; Auburn 2 - West Virginia 2 |
| BOTTOM OF THE 3RD |
|
West Virginia Black Bears batting - Pitching for Auburn Doubledays : RHP Matt Seivert
|
|
Batting: RHB Alain Marquet
|
0-0: Ball 1-0: Foul Ball, location: 2F 1-1: Ball 2-1: Ground out 4-3 (Groundball, 4MS, EV 64.4 MPH)
|
|
Batting: RHB Tim Moore
|
0-0: Ball 1-0: Ball 2-0: Called Strike 2-1: Foul Ball, location: 2F 2-2: Ground out 5-3 (Groundball, 56S, EV 76.9 MPH)
|
|
Batting: RHB Chris Beckham
|
0-0: Ball 1-0: Hit by Pitch
|
|
Batting: RHB Terrence Wilson
|
0-0: Ball 1-0: Foul Ball, location: 2F 1-1: Called Strike 1-2: Ball 2-2: Ground out 1-3 (Groundball, 15S, EV 59.4 MPH)
|
| Bottom of the 3rd over - 0 runs, 0 hits, 0 errors, 1 left on base; Auburn 2 - West Virginia 2 |
| TOP OF THE 4TH |
|
Auburn Doubledays batting - Pitching for West Virginia Black Bears : LHP Grady Hebert
|
|
Batting: RHB Antonio Vallez
|
0-0: Ball 1-0: Foul Ball, location: 2F 1-1: Foul Ball, location: 2F 1-2: Ball 2-2: Ball 3-2: Base on Balls
|
|
Batting: RHB Jelexiz Cuenca
|
0-0: Ball 1-0: Ball Antonio Vallez is caught stealing 2nd base 2-4 2-0: Ball 3-0: Called Strike 3-1: Called Strike 3-2: SINGLE (Groundball, 5S, EV 63.8 MPH) (infield hit)
|
|
Batting: RHB Scott Skoglund
|
0-0: Called Strike 0-1: Called Strike 0-2: Ball 1-2: Strikes out swinging
|
|
Batting: RHB John Gibbs
|
0-0: Ball 1-0: Called Strike 1-1: Foul Ball, location: 2F 1-2: Foul Ball, location: 2F 1-2: Foul Ball, location: 2F 1-2: Foul Ball, location: 2F 1-2: Strikes out swinging
|
| Top of the 4th over - 0 runs, 1 hit, 0 errors, 1 left on base; Auburn 2 - West Virginia 2 |
| BOTTOM OF THE 4TH |
|
West Virginia Black Bears batting - Pitching for Auburn Doubledays : RHP Matt Seivert
|
|
Batting: RHB John DeVillier
|
0-0: Ball 1-0: Ground out 5-3 (Groundball, 56, EV 103.8 MPH)
|
|
Batting: RHB Bob Raine
|
0-0: Called Strike 0-1: Foul Ball, location: 2F 0-2: Strikes out swinging
|
|
Batting: RHB Dave Fredericks
|
0-0: SINGLE (Groundball, 6MD, EV 109.4 MPH)
|
|
Batting: LHB Norm Silveira-Wray
|
0-0: Ground out 1-3 (Groundball, 34S, EV 70.6 MPH)
|
| Bottom of the 4th over - 0 runs, 1 hit, 0 errors, 1 left on base; Auburn 2 - West Virginia 2 |
| TOP OF THE 5TH |
|
Auburn Doubledays batting - Pitching for West Virginia Black Bears : LHP Grady Hebert
|
|
Batting: LHB Bobby Adams
|
0-0: Called Strike 0-1: Foul Ball, location: 2F 0-2: Ball 1-2: Ball 2-2: SINGLE (Groundball, 56, EV 96.9 MPH)
|
|
Batting: RHB Jessie Fisher
|
0-0: Called Strike 0-1: Ground out 6-3 (Groundball, 6S, EV 75.0 MPH) Bobby Adams to second
|
|
Batting: RHB Leo Gutierrez
|
0-0: Called Strike 0-1: Called Strike 0-2: Ball 1-2: Strikes out swinging
|
|
Batting: RHB Steve Bauman
|
0-0: Called Strike 0-1: Called Strike 0-2: Foul Ball, location: 2F 0-2: Ball 1-2: Ball 2-2: Strikes out looking
|
| Top of the 5th over - 0 runs, 1 hit, 0 errors, 1 left on base; Auburn 2 - West Virginia 2 |
| BOTTOM OF THE 5TH |
|
West Virginia Black Bears batting - Pitching for Auburn Doubledays : RHP Matt Seivert
|
|
Batting: RHB Brandon White
|
0-0: Ground out 4-3 (Groundball, 4M, EV 97.5 MPH)
|
|
Batting: RHB Alain Marquet
|
0-0: Foul Ball, location: 2F 0-1: Foul Ball, location: 2F 0-2: Ball 1-2: Ball 2-2: Foul Ball, location: 2F 2-2: Ball 3-2: SOLO HOME RUN (Line Drive, 7D, EV 100.6 MPH), Distance : 402 ft
|
|
Batting: RHB Tim Moore
|
0-0: Ball 1-0: Swinging Strike 1-1: SINGLE (Groundball, 6MD, EV 103.1 MPH)
|
|
Batting: RHB Chris Beckham
|
0-0: Called Strike 0-1: Fly out, F6 (Line Drive, 6M, EV 73.1 MPH)
|
|
Pitching: RHP John Kovach
|
|
|
Batting: RHB Terrence Wilson
|
0-0: Called Strike 0-1: Called Strike 0-2: Strikes out swinging
|
| Bottom of the 5th over - 1 run, 2 hits, 0 errors, 1 left on base; Auburn 2 - West Virginia 3 |
| TOP OF THE 6TH |
|
Auburn Doubledays batting - Pitching for West Virginia Black Bears : LHP Grady Hebert
|
|
Pitching: RHP Hitoshi Yoshihara
|
|
|
Batting: RHB Nick Moreno
|
0-0: Ball 1-0: Called Strike 1-1: Ball 2-1: Foul Ball, location: 2F 2-2: Strikes out looking
|
|
Batting: RHB Antonio Vallez
|
0-0: Called Strike 0-1: Ground out 1-3 (Groundball, 13S, EV 64.4 MPH)
|
|
Batting: RHB Jelexiz Cuenca
|
0-0: Swinging Strike 0-1: Ball 1-1: Foul Ball, location: 2F 1-2: Fly out, F9 (Flyball, 9S, EV 87.5 MPH)
|
| Top of the 6th over - 0 runs, 0 hits, 0 errors, 0 left on base; Auburn 2 - West Virginia 3 |
| BOTTOM OF THE 6TH |
|
West Virginia Black Bears batting - Pitching for Auburn Doubledays : RHP John Kovach
|
|
Batting: RHB John DeVillier
|
0-0: Ball 1-0: SINGLE (Groundball, 56S, EV 61.2 MPH) (infield hit)
|
|
Batting: RHB Bob Raine
|
0-0: Ball 1-0: Fielders Choice at 2nd, 6-4 (Groundball, 6S, EV 88.1 MPH)
|
|
Batting: RHB Dave Fredericks
|
0-0: Ball 1-0: Foul Ball, location: 2F 1-1: Grounds into double play, 5-4-3 (Groundball, 56S, EV 84.4 MPH)
|
| Bottom of the 6th over - 0 runs, 1 hit, 0 errors, 0 left on base; Auburn 2 - West Virginia 3 |
| TOP OF THE 7TH |
|
Auburn Doubledays batting - Pitching for West Virginia Black Bears : RHP Hitoshi Yoshihara
|
|
Now at 1B: Killian Jones
|
|
|
Now at 3B: Alain Marquet
|
|
|
Now at SS: John DeVillier
|
|
|
Now in LF: Perry Dominey
|
|
|
Pinch Hitting: LHB Elias Posada
|
0-0: Swinging Strike 0-1: Ball 1-1: Foul Ball, location: 2F 1-2: Ball 2-2: Strikes out swinging
|
|
Batting: RHB John Gibbs
|
0-0: Swinging Strike 0-1: Swinging Strike 0-2: Ball 1-2: Strikes out swinging
|
|
Batting: LHB Bobby Adams
|
0-0: Ground out 4-3 (Groundball, 4, EV 89.4 MPH)
|
| Top of the 7th over - 0 runs, 0 hits, 0 errors, 0 left on base; Auburn 2 - West Virginia 3 |
| BOTTOM OF THE 7TH |
|
West Virginia Black Bears batting - Pitching for Auburn Doubledays : RHP John Kovach
|
|
Now in LF: Elias Posada
|
|
|
Now in CF: Nick Moreno
|
|
|
Batting: LHB Norm Silveira-Wray
|
0-0: Called Strike 0-1: Swinging Strike 0-2: Ground out 6-3 (Groundball, 6, EV 84.4 MPH)
|
|
Batting: RHB Brandon White
|
0-0: Reached on error, E3 (Groundball, 3S, EV 86.9 MPH)
|
|
Batting: RHB Alain Marquet
|
0-0: Ball 1-0: Ball 2-0: Foul Ball, location: 2F 2-1: Ball 3-1: Fly out, F9 (Flyball, 9D, EV 98.1 MPH)
|
|
Batting: RHB Killian Jones
|
0-0: Called Strike 0-1: Ball 1-1: Ball 2-1: Foul Ball, location: 2F 2-2: Ball Wild Pitch! Brandon White to second 3-2: Strikes out swinging
|
| Bottom of the 7th over - 0 runs, 0 hits, 1 error, 1 left on base; Auburn 2 - West Virginia 3 |
| TOP OF THE 8TH |
|
Auburn Doubledays batting - Pitching for West Virginia Black Bears : RHP Hitoshi Yoshihara
|
|
Now at 1B: Aito Harada
|
|
|
Batting: RHB Jessie Fisher
|
0-0: Foul Ball, location: 2F 0-1: Swinging Strike 0-2: Ball 1-2: Strikes out looking
|
|
Pinch Hitting: LHB Chance McWilliams
|
0-0: Swinging Strike 0-1: Called Strike 0-2: Ball 1-2: Fly out, F8 (Flyball, 8RD, EV 100.0 MPH)
|
|
Batting: RHB Steve Bauman
|
0-0: Called Strike 0-1: Foul Ball, location: 2F 0-2: SINGLE (Line Drive, 89M, EV 86.2 MPH)
|
|
Pitching: RHP Mike Rosen
|
|
|
Batting: RHB Nick Moreno
|
0-0: Ball 1-0: Foul Ball, location: 2F 1-1: Ball 2-1: Called Strike 2-2: Strikes out swinging
|
| Top of the 8th over - 0 runs, 1 hit, 0 errors, 1 left on base; Auburn 2 - West Virginia 3 |
| BOTTOM OF THE 8TH |
|
West Virginia Black Bears batting - Pitching for Auburn Doubledays : RHP John Kovach
|
|
Now in RF: Chance McWilliams
|
|
|
Batting: RHB Chris Beckham
|
0-0: Swinging Strike 0-1: Swinging Strike 0-2: Ball 1-2: Ball 2-2: Strikes out swinging
|
|
Batting: RHB Terrence Wilson
|
0-0: Swinging Strike 0-1: SINGLE (Groundball, 56S, EV 70.0 MPH) (infield hit)
|
|
Pitching: RHP Jordan Amaker
|
|
|
Batting: RHB John DeVillier
|
0-0: Called Strike Terrence Wilson steals 2nd base 0-1: Ball 1-1: Swinging Strike 1-2: Strikes out swinging
|
|
Batting: RHB Bob Raine
|
0-0: Called Strike 0-1: Foul Ball, location: 2F 0-2: SINGLE (Groundball, 34D, EV 109.4 MPH) Terrence Wilson to third Runner from 3rd tries for Home, SAFE, throw by RF to home
|
|
Now in RF: Deshawn Boseman
|
|
|
Batting: RHB Perry Dominey
|
0-0: Ball 1-0: SINGLE (Line Drive, 4M, EV 97.5 MPH) Bob Raine to second Runner from 2nd tries for 3rd, OUT after rundown.
|
| Bottom of the 8th over - 1 run, 3 hits, 0 errors, 1 left on base; Auburn 2 - West Virginia 4 |
| TOP OF THE 9TH |
|
Auburn Doubledays batting - Pitching for West Virginia Black Bears : RHP Mike Rosen
|
|
Pitching: RHP Joel Olausson
|
|
|
Batting: RHB Antonio Vallez
|
0-0: Called Strike 0-1: Swinging Strike 0-2: Ball 1-2: Ball 2-2: SINGLE (Groundball, 6M, EV 98.1 MPH)
|
|
Batting: RHB Jelexiz Cuenca
|
0-0: Ball 1-0: Called Strike 1-1: Ground out 4-3 (Groundball, 34, EV 88.1 MPH) Antonio Vallez to second
|
|
Batting: LHB Elias Posada
|
0-0: Ground out 6-3 (Groundball, 56, EV 103.8 MPH)
|
|
Pinch Hitting: RHB Naofumi Ishida
|
0-0: Ball 1-0: Ball 2-0: Foul Ball, location: 2F 2-1: Called Strike 2-2: Ball 3-2: Strikes out swinging
|
| Top of the 9th over - 0 runs, 1 hit, 0 errors, 1 left on base; Auburn 2 - West Virginia 4 |
|